 Dungeon Crawl Stone Soup version 0.28.0-53-g5a82cb258f (webtiles) character file.

Game seed: 1527124890946251603

127 Descartes the Chopper (level 5, -1/38 HPs)
             Began as a Formicid Warper on Aug 13, 2022.
             Slain by Natasha (3 damage)
             ... on level 3 of the Dungeon.
             The game lasted 00:06:45 (3433 turns).

Descartes the Chopper (Formicid Warper)             Turns: 3433, Time: 00:06:46

Health: -1/38      AC:  7    Str: 15 (17) XL:     5   Next: 33%
Magic:  8/8        EV:  9    Int: 11 (13) God:
Gold:   58         SH:  0    Dex:  9 (10) Spells: 8/8 levels left

rFire   . . .      SeeInvis +   a - +0 hand axe
rCold   . . .      Faith    .   (no shield)
rNeg    . . .      Spirit   .   i - +0 scale mail
rPois   .          Reflect  .   (helmet unavailable)
rElec   .          Harm     .   (no cloak)
rCorr   .          Rampage  .   (no gloves)
Will    .....                   o - +0 pair of boots
Stlth   ..........              (no amulet)
HPRegen 0.12/turn               (no ring)
MPRegen 0.11/turn               (no ring)

@: brilliant, attractive, invisible
A: permanent stasis, dig shafts and tunnels, antennae 3, four strong arms
a: Dig, Shaft Self


You were on level 3 of the Dungeon.
You visited 1 branch of the dungeon, and saw 3 of its levels.

You collected 58 gold pieces.

Inventory:

Hand Weapons
 a - a +0 hand axe (weapon)
 k - a +2 dagger of holy wrath
Missiles
 c - 5 boomerangs of dispersal (quivered)
 e - 6 curare-tipped darts
 f - 52 stones
 g - 18 poisoned darts
Armour
 b - a +0 leather armour
 i - a +0 scale mail (worn)
 l - a +2 robe of the Archmagi
 o - a +0 pair of boots (worn)
Wands
 q - a wand of flame (15)
Scrolls
 h - a scroll of identify
 p - a scroll of holy word


   Skills:
 - Level 2.1 Fighting
 + Level 0.1 Short Blades
 * Level 3.3(3.6) Axes
 + Level 1.5(2.6) Maces & Flails
 + Level 1.3(2.4) Polearms
 - Level 1.0 Throwing
 + Level 2.0 Armour
 - Level 1.7 Dodging
 + Level 1.6 Shields
 - Level 2.1 Spellcasting
 + Level 3.1 Translocations


You had 8 spell levels left.
You didn't know any spells.
Your spell library contained the following spells:

 Spells                   Type           Power      Damage    Failure   Level
 Gell's Gravitas          Tloc           12%        N/A       67%         3
 Lesser Beckoning         Tloc           12%        N/A       67%         3
 Teleport Other           Tloc           12%        N/A       67%         3
 Magic Dart               Conj           4%         1d3       75%         1
 Call Imp                 Summ           1%         N/A       86%         2
 Sublimation of Blood     Necr           1%         N/A       86%         2
 Wereblood                Tmut           1%         N/A       86%         2
 Mephitic Cloud           Conj/Pois/Air  1%         N/A       98%         3
 Manifold Assault         Tloc           12%        N/A       100%        5
 Summon Hydra             Summ           0%         N/A       100%        7
 Blink                    Tloc           Unusable   N/A       N/A         2

Dungeon Overview and Level Annotations

Branches:
Dungeon (3/15)

Altars:

Shops:
D:2 =

Annotations:
D:3 3 runed translucent doors, Natasha


Innate Abilities, Weirdness & Mutations

You cannot be hasted, slowed, berserked, paralysed or teleported.
You can dig through walls and to a lower floor.
You have a pair of large antennae on your head. (SInv)
Your four strong arms can wield two-handed weapons with a shield.


Message History

You are too injured to fight recklessly!
You are too injured to fight recklessly!
You are too injured to fight recklessly!
You are too injured to fight recklessly!
You are too injured to fight recklessly!
The crimson imp blinks!
It was a potion of brilliance.
You feel clever all of a sudden. The crimson imp barely misses you.
Unknown command.
As you read the scroll labelled XYSOWN MOTOGU, it crumbles to dust.
It is a scroll of identify.
p - a scroll of holy word The crimson imp hits you.
It was a potion of degeneration.
There was something very wrong with that liquid.
You feel weakened.
You feel dopey.
You feel clumsy.
The crimson imp blinks!
It was a potion of attraction.
You feel attractive to monsters. Natasha claws you but does no damage.
The crimson imp blinks!
The crimson imp is attracted toward you.
It was a potion of invisibility.
You fade into invisibility!
The crimson imp blinks!
Natasha claws you but does no damage.
The crimson imp is attracted toward you.
You slash Natasha!
Natasha is heavily wounded.
The crimson imp sputters.
Natasha claws you but does no damage.
You hit Natasha.
Natasha is severely wounded.
Natasha claws you!
* * * LOW HITPOINT WARNING * * *
Natasha claws you.
* * * LOW HITPOINT WARNING * * *
It was a potion of berserk rage.
Your stasis prevents you from going berserk.
Natasha claws you.
You die...

.. .. #.#
###.##. .....
######...##
.......#..#
#....# ##.5O#
###h# #@# #.#
#.############.#
#...........##.#
#.#########.##.#
#.# #.##.# #.#
#.##.# #.#
#.##.# #.#
###.##.###


You could see an ogre, Natasha and a crimson imp (summoned).

Vanquished Creatures
  Jessica (D:2)
  Robin (D:2)
  2 adders (D:3)
  A dart slug (D:1)
  5 ball pythons
  8 bats
  11 endoplasms
  A giant cockroach (D:2)
  9 goblins (D:2)
  9 hobgoblins
  3 jackals (D:1)
  A quokka (D:2)
  2 frilled lizards
  4 kobolds
  5 rats
63 creatures vanquished.

Notes
Turn   | Place    | Note
-------+----------+-------------------------------------------
     0 | D:1      | Descartes the Formicid Warper began the quest for the Orb.
     0 | D:1      | Reached XP level 1. HP: 16/16 MP: 3/3
   388 | D:1      | Found a faded altar of an unknown god.
   407 | D:1      | Reached XP level 2. HP: 18/22 MP: 5/5
  1651 | D:1      | Reached XP level 3. HP: 27/27 MP: 6/6
  1951 | D:2      | Found Xicifrig's Jewellery Emporium.
  2142 | D:2      | Noticed Robin
  2150 | D:2      | Reached skill level 1 in Maces & Flails
  2181 | D:2      | Reached skill level 1 in Polearms
  2198 | D:2      | Killed Robin
  2199 | D:2      | Reached skill level 1 in Shields
  2199 | D:2      | Reached XP level 4. HP: 5/33 MP: 7/7
  2720 | D:2      | Noticed Jessica
  2751 | D:2      | Killed Jessica
  3055 | D:3      | Reached XP level 5. HP: 38/38 MP: 8/8
  3093 | D:3      | Found a runed translucent gate.
  3093 | D:3      | Found a runed translucent gate.
  3094 | D:3      | Found a runed translucent gate.
  3415 | D:3      | Noticed an ogre
  3415 | D:3      | Noticed Natasha
  3432 | D:3      | HP: 1/38 [Natasha (3)]
  3433 | D:3      | Slain by Natasha

Illustrated notes

Levels and vault maps discovered:
D:1:      minmay_arrival_four_houses, layout_loops_ring, basic_ecumenical_altar,
          serial_co_window_serial, co_window_corner_a, co_window_paths_b,
          co_window_corner_a, co_window_corner_a, co_window_paths_b,
          co_window_corner_b, co_window_of_opportunity_c, co_window_corner_b,
          co_window_4corner_a, co_window_paths_d, glass_columns_c,
          glass_columns_a
D:2:      layout_rooms, serial_shops, shop, uniq_jessica, uniq_robin
D:3:      layout_loops_ring, elyvilon_altar_3, gammafunk_ghost_necromancy,
          uniq_natasha

Skill      XL: |  1  2  3  4  5 |
---------------+----------------+-----
Maces & Flails | 1 |  1.5
Polearms       | 1 |  1.3
Shields        | 1 |  1.6
Axes           | 3 |  3.3
Translocations | 3 |  3.1
Armour         | 2 |  2.0
Fighting       | |  2.1
Short Blades   | |  0.1
Throwing       | |  1.0
Dodging        | |  1.7
Spellcasting   | |  2.1

Action                   |  1- 3 |  4- 6 || total
-------------------------+-------+-------++-------
Melee: Hand axe          |   142 |   101 ||   243
       Punch             |     1 |     1 ||     2
  Use: Potion            |     1 |     8 ||     9
       Scroll            |       |     1 ||     1
Armor: Leather armour    |    54 |       ||    54
       Scale mail        |       |    59 ||    59
Dodge: Dodged            |    98 |    66 ||   164
